 Dungeon Crawl Stone Soup version 0.29.1-4-g47bece8355 (webtiles) character file.

Game seed: 16943373108263612729

40 H0rd4k the Charlatan (level 3, -5/24 HPs)
             Began as an Octopode Artificer on Dec 5, 2022.
             Slain by a gnoll
             ... wielding a +2 vampiric whip
              (6 damage)
             ... on level 2 of the Dungeon.
             The game lasted 00:01:28 (2262 turns).

H0rd4k the Charlatan (Octopode Artificer)           Turns: 2262, Time: 00:01:28

Health: -5/24      AC:  1    Str: 11    XL:     3   Next: 50%
Magic:  5/5        EV: 13    Int: 15    God:
Gold:   34         SH:  0    Dex: 12    Spells: 5/5 levels left

rFire   . . .      SeeInvis .     - Unarmed
rCold   . . .      Faith    .   (no shield)
rNeg    . . .      Spirit   .   (helmet restricted)
rPois   .          Reflect  .   e - amulet of the acrobat
rElec   .          Harm     .   (no ring)
rCorr   .          Rampage  .   (no ring)
Will    .....                   (no ring)
Stlth   +++.......              (no ring)
HPRegen 0.08/turn               (no ring)
MPRegen 0.09/turn               (no ring)
                                (no ring)
                                (no ring)

@: no status effects
A: almost no armour, amphibious, 8 rings, camouflage 1, gelatinous body 1,
(nimble swimmer 1), tentacles
a: no special abilities


You were on level 2 of the Dungeon.
You visited 1 branch of the dungeon, and saw 2 of its levels.

You collected 34 gold pieces.

Inventory:

Jewellery
 e - an amulet of the acrobat (around mantle)
 j - a ring of resist corrosion
Wands
 b - a wand of flame (15) (quivered)
 c - a wand of charming (10)
 d - a wand of iceblast (5)
Scrolls
 a - a scroll of poison {unknown}
 i - a scroll of teleportation {unknown}
Potions
 f - a potion of flight {unknown}
 g - a potion of resistance {unknown}
 h - a potion of brilliance {unknown}


   Skills:
 * Level 2.0 Fighting
 - Level 2.3 Dodging
 - Level 1.3 Stealth
 + Level 1.1 Unarmed Combat
 * Level 1.6 Spellcasting
 - Level 3.2 Evocations


You had 5 spell levels left.
You didn't know any spells.
Your spell library was empty.

Dungeon Overview and Level Annotations

Branches:
Dungeon (2/15)

Altars:


Innate Abilities, Weirdness & Mutations

You cannot wear most types of armour.
You are amphibious.
You can wear up to eight rings at the same time.
Your skin changes colour to match your surroundings (Stealth+).
Your rubbery body absorbs attacks. (AC +1, EV +1)
((You are camouflaged when in or above water. (Stealth+)))
You have tentacles for arms and can constrict up to eight enemies at once.


Message History

The gnoll shouts! x3
The endoplasm quivers.
Found Great Wizards, Vol.
VII and a ring mail.
There is a stone staircase leading up here.
There are monsters nearby!
There are monsters nearby!
There are monsters nearby!
The gnoll completely misses you.
There are monsters nearby!
You barely miss the gnoll. You grab the gnoll. You squeeze the gnoll!
The gnoll is almost dead.
You constrict the gnoll, but do no damage.
The gnoll closely misses you.
You release your grip on the gnoll.
The gnoll attacks as you move away! The gnoll hits you with a +0 whip.
There is a stone staircase leading up here.
Aiming: Charm
Press: ? - help, Shift-Dir - straight line, f - gnoll
Aim: a gnoll, wielding a +0 club (chance to affect: 66%)
The gnoll struggles to resist.
The gnoll closely misses you. x2
Unknown command.
Aiming: Charm
Press: ? - help, Shift-Dir - straight line, f/p - gnoll
Aim: a gnoll, wielding a +0 club (chance to affect: 66%)
The gnoll is charmed.
The gnoll closely misses you.
The gnoll hits you with a +2 vampiric whip!
The gnoll draws strength from your wounds!
The endoplasm hits you but does no damage.
The gnoll hits you with a +0 whip.
* * * LOW HITPOINT WARNING * * *
The gnoll attacks as you move away! The gnoll hits you with a +0 whip.
* * * LOW HITPOINT WARNING * * *
The gnoll attacks as you move away! The gnoll completely misses you.
The endoplasm completely misses you. The gnoll barely misses your gnoll.
Aiming: Charm
Press: ? - help, Shift-Dir - straight line, f - gnoll, p - gnoll
Aim: a gnoll, wielding a +2 vampiric whip (lightly wounded, chance to affect: 66%)
The gnoll struggles to resist.
Your gnoll closely misses the gnoll.
The gnoll hits you with a +2 vampiric whip.
You die...

# ..#
#########...:#
#...gg@......#
#...ggJ......#
#............#
................#
...............[.
.................
.......##........
....... #........
####### ......


You could see 3 gnolls, an endoplasm and a friendly gnoll (charmed).

Vanquished Creatures
  5 ball pythons (D:1)
  A bat (D:1)
  4 endoplasms (D:1)
  A giant cockroach (D:1)
  5 goblins (D:1)
  3 hobgoblins (D:1)
  6 jackals (D:1)
  3 kobolds (D:1)
  A quokka (D:1)
  2 frilled lizards (D:1)
  2 rats (D:1)
33 creatures vanquished.

Vanquished Creatures (others)
  5 fungi (D:1)
  6 plants (D:1)
11 creatures vanquished.

Grand Total: 44 creatures vanquished

Notes
Turn   | Place    | Note
-------+----------+-------------------------------------------
     0 | D:1      | H0rd4k the Octopode Artificer began the quest for the Orb.
     0 | D:1      | Reached XP level 1. HP: 13/13 MP: 1/1
   606 | D:1      | Reached skill level 1 in Spellcasting
   606 | D:1      | Reached XP level 2. HP: 4/18 MP: 3/3
  1246 | D:1      | Reached XP level 3. HP: 12/24 MP: 5/5
  1834 | D:1      | Reached skill level 1 in Unarmed Combat
  2196 | D:1      | Found a faded altar of an unknown god.
  2261 | D:2      | HP: 1/24 [gnoll/+0 whip (2)]
  2262 | D:2      | Slain by a gnoll

Illustrated notes

Levels and vault maps discovered:
D:1:      dpeg_arrival_castle, layout_rooms,
          shapermc_ecumenical_altar_mp_urbaneastern, amethyst_killhole
D:2:      layout_basic, wander_ebering_terrifying_dragon_lair

Skill      XL: |  1  2  3 |
---------------+----------+-----
Spellcasting   | 1 |  1.6
Unarmed Combat | 1 |  1.1
Fighting       | 2 |  2.0
Dodging        | |  2.3
Stealth        | |  1.3
Evocations     | |  3.2

Action                   || total
-------------------------++-------
Melee: Unarmed           ||    99
       Constrict         ||    24
       Tentacles         ||    15
       Punch             ||     2
Evoke: Wand              ||     5
 Stab: Distracted        ||     1
       Sleeping          ||     1
Armor: Skin              ||    11
Dodge: Dodged            ||    86
